 Dungeon Crawl Stone Soup version 0.29.1-12-g30fa7ad0bf (webtiles) character file.

Game seed: 6537466829443133434

4047 trianova the Covert (level 10, -13/37 (44) HPs)
             Began as a Vine Stalker Enchanter on Dec 19, 2022.
             Mangled by a wight
             ... wielding a +4 great sword
              (17 damage)
             ... on level 8 of the Dungeon.
             The game lasted 00:18:58 (10912 turns).

trianova the Covert (Vine Stalker Enchanter)       Turns: 10912, Time: 00:18:59

HP:   -13/37 (44)   AC:  6    Str: 16    XL:     10   Next: 24%
MP:   0/14          EV: 27    Int: 15    God:
Gold: 582           SH:  7    Dex: 20    Spells: 5/13 levels left

rFire   . . .      SeeInvis .   j - +2 dagger (venom)
rCold   . . .      Faith    .   g - +3 buckler
rNeg    . . .      Spirit   +   b - +0 robe
rPois   .          Reflect  .   (no helmet)
rElec   .          Harm     .   (no cloak)
rCorr   .          Rampage  .   (no gloves)
Will    +....                   (no boots)
Stlth   +++++.....              p - amulet of the acrobat
HPRegen 0.92/turn               n - +6 ring of strength
MPRegen 0.14/turn               A - +4 ring of protection

@: confusing by touch, acrobatic, heavily drained
A: fangs 3, regeneration 1, magic shield, antimagic bite, no potion heal 2
a: no special abilities


You were on level 8 of the Dungeon.
You visited 2 branches of the dungeon, and saw 10 of its levels.

You collected 664 gold pieces.
You spent 82 gold pieces at shops.

Inventory:

Hand Weapons
 a - a +1 dagger
 j - a +2 dagger of venom (weapon)
Missiles
 f - 2 throwing nets (quivered)
Armour
 b - a +0 robe (worn)
 g - a +3 buckler (worn)
Jewellery
 n - a +6 ring of strength (left hand)
 p - an amulet of the acrobat (around neck)
 u - a ring of ice
 w - a +6 ring of strength
 A - a +4 ring of protection (right hand)
 D - a ring of willpower
Wands
 m - a wand of roots (9)
 r - a wand of polymorph (7)
 y - a wand of quicksilver (13)
 G - a wand of paralysis (8)
Scrolls
 d - 4 scrolls of amnesia
 i - 5 scrolls of teleportation
 o - 3 scrolls of blinking
 x - 2 scrolls of noise {unknown}
 z - 3 scrolls of identify
 B - 4 scrolls of silence
 C - 2 scrolls of immolation {unknown}
 F - a scroll of enchant weapon
 H - a scroll of magic mapping {unknown}
Potions
 c - 2 potions of invisibility
 e - 2 potions of curing {unknown}
 h - 2 potions of lignification {unknown}
 k - a potion of magic
 l - 4 potions of heal wounds
 q - a potion of flight
 s - 5 potions of haste {unknown}
 t - a potion of brilliance {unknown}
 v - 2 potions of mutation {unknown}
 E - a potion of degeneration {unknown}
 I - a potion of attraction {unknown}
 J - a potion of might {unknown}


   Skills:
 + Level 3.7 Short Blades
 - Level 1.8 Dodging
 + Level 12.1 Stealth
 - Level 2.2 Spellcasting
 * Level 9.5 Hexes
 + Level 5.4 Ice Magic


You had 5 spell levels left.
You knew the following spells:

 Your Spells              Type           Power      Damage    Failure   Level
a - Ensorcelled Hibernat  Hex/Ice        48%        N/A       1%          2
b - Tukima's Dance        Hex            30%        N/A       1%          3
c - Confusing Touch       Hex            30%        N/A       1%          3

Your spell library contained the following spells:

 Spells                   Type           Power      Damage    Failure   Level
 Dazzling Flash           Conj/Hex       30%        N/A       13%         3
 Inner Flame              Hex/Fire       15%        N/A       13%         3
 Foxfire                  Conj/Fire      4%         2x1d4     30%         1
 Sandblast                Erth           2%         2d4       30%         1
 Sting                    Tmut/Pois      4%         1d3       30%         1
 Passwall                 Tmut/Erth      0%         N/A       41%         2
 Poisonous Vapours        Pois/Air       2%         N/A       41%         2
 Conjure Flame            Conj/Fire      1%         6-21      65%         3
 Gell's Gravitas          Tloc           1%         N/A       65%         3
 Stone Arrow              Conj/Erth      2%         3d7       65%         3
 Teleport Other           Tloc           1%         N/A       65%         3
 Animate Armour           Summ/Erth      2%         N/A       96%         4
 Flame Wave               Conj/Fire      1%         2d4       96%         4
 Olgreb's Toxic Radiance  Pois           1%         N/A       96%         4
 Blade Hands              Tmut           0%         N/A       100%        5
 Dispersal                Tloc           0%         N/A       100%        6
 Iron Shot                Conj/Erth      0%         9d1       100%        6
 Malign Gateway           Summ/Tloc      0%         N/A       100%        7
 Summon Horrible Things   Summ           0%         N/A       100%        8


Dungeon Overview and Level Annotations

Branches:
Dungeon (9/15)             Temple (1/1) D:7
   Lair: D:8-11         Orc: D:9-12

Altars:
Ashenzari
Cheibriados
Dithmenos
Elyvilon
Fedhas
Hepliaklqana
Kikubaaqudgha
Nemelex Xobeh
Okawaru
Qazlal
Ru
Sif Muna
Trog
Uskayaw
Vehumet
Wu Jian
Yredelemnul
Zin
The Shining One

Shops:
D:3 !   D:5 ?   D:8 =

Annotations:
D:7 exclusion: hornet


Innate Abilities, Weirdness & Mutations

You have razor-sharp teeth.
Your natural rate of healing is unusually fast.
When hurt, damage is shared between your health and your magic reserves.
Your bite disrupts and absorbs the magic of your enemies.
Potions cannot restore your health.


Message History

Casting: Confusing Touch (safe; 1% risk of failure)
Confirm with . or Enter, or press ? or * to list all spells.
Your hands begin to glow red.
The wight hits you but does no damage.
The wight hits you with a +3 long sword!
You feel drained. The wight misses you. The wight barely misses you.
You hit the wight but do no damage. The wight closely misses you.
The wight barely misses you.
You hit the wight but do no damage. You block the wight's attack. x2
You hit the wight but do no damage. You hit the wight but do no damage.
Your bite misses the wight.
The wight hits you with a +3 long sword!
You feel drained. The wight barely misses you.
You hit the wight but do no damage. Your bite misses the wight.
You block the wight's attack.
The wight hits you with a +3 long sword!
You feel drained.
You barely miss the wight. Your bite misses the wight.
You block the wight's attack. The wight misses you.
You hit the wight but do no damage.
The wight appears confused.
Your bite misses the wight. You block the wight's attack.
You hit the wight.
The wight is lightly damaged.
The wight barely misses you.
The wight hits you with a +4 great sword.
You feel drained.
You strike the helpless wight from behind!
You impale the wight!!
You destroy the wight!
The wight barely misses you.
Casting: Confusing Touch (safe; 1% risk of failure)
Confirm with . or Enter, or press ? or * to list all spells.
Your hands begin to glow red.
You block the wight's attack.
The wight hits you with a +4 great sword!
* * * LOW HITPOINT WARNING * * *
You feel drained.
* * * LOW HITPOINT WARNING * * *
The wight attacks as you move away!
The wight hits you with a +4 great sword!
You die...

#..............♣♣♣..#
#.....).).....♣# #♣.#
#.............♣ ♣.#
#....###[##...♣# #♣.#
########.##....♣♣♣..#
#...................#
#.............#..####
#.....##......####
#...)@#######.#
#...z.)# ### #......#
#....### #.... #....
#.... #....


You could see a wight.

Vanquished Creatures
  9 yaks
  A steam dragon (D:7)
  A water moccasin (D:8)
  A sky beast (D:8)
  3 centaurs
  A phantom (D:6)
  2 kobold brigands
  3 bullfrogs
  2 gnoll sergeants (D:7)
  4 scorpions
  9 wights
  3 howler monkeys
  6 orc priests
  4 jellies
  A hound (D:6)
  A gnoll bouda (D:6)
  An iguana (D:7)
  Natasha (thrice) (D:3)
  2 orc wizards (D:8)
  Robin (D:2)
  12 gnolls
  3 adders
  2 worms (D:2)
  3 dart slugs
  26 orcs
  5 bats
  6 endoplasms
  3 giant cockroaches (D:3)
  11 goblins
  15 hobgoblins
  5 jackals
  3 quokkas
  6 ball pythons
  5 frilled lizards
  15 kobolds
  2 rats (D:2)
180 creatures vanquished.

Vanquished Creatures (collateral kills)
  A wight (D:6)
1 creature vanquished.

Vanquished Creatures (others)
  3 dancing weapons
  A plant (D:2)
4 creatures vanquished.

Grand Total: 185 creatures vanquished

Notes
Turn   | Place    | Note
-------+----------+-------------------------------------------
     0 | D:1      | trianova the Vine Stalker Enchanter began the quest for the
                  | Orb.
     0 | D:1      | Reached XP level 1. HP: 9/9 MP: 4/4
   624 | D:1      | Found a faded altar of an unknown god.
   838 | D:1      | Reached skill level 4 in Stealth
   838 | D:1      | Reached XP level 2. HP: 8/13 MP: 4/6
   841 | D:1      | Learned a level 2 spell: Ensorcelled Hibernation
  1628 | D:2      | Reached XP level 3. HP: 15/16 MP: 3/7
  1629 | D:2      | Reached skill level 1 in Short Blades
  1742 | D:2      | Noticed Robin
  1948 | D:2      | Killed Robin
  2346 | D:2      | Gained mutation: Your natural rate of healing is unusually
                  | fast. [Vine Stalker growth]
  2346 | D:2      | Reached XP level 4. HP: 19/21 MP: 1/8
  3023 | D:3      | Noticed Natasha
  3041 | D:3      | Killed Natasha
  3121 | D:3      | Noticed Natasha
  3141 | D:3      | Killed Natasha
  3142 | D:3      | Reached skill level 5 in Stealth
  3142 | D:3      | Reached skill level 1 in Ice Magic
  3142 | D:3      | Reached XP level 5. HP: 18/24 MP: 0/9
  3256 | D:3      | Noticed Natasha
  3260 | D:3      | Killed Natasha
  3287 | D:3      | Noticed a kobold brigand
  3366 | D:3      | Learned a level 3 spell: Tukima's Dance
  3443 | D:3      | Killed a kobold brigand
  3444 | D:3      | Reached XP level 6. HP: 15/28 MP: 3/10
  3657 | D:3      | Found Jestysef's Distillery.
  4099 | D:4      | Reached skill level 6 in Stealth
  4105 | D:4      | Reached skill level 5 in Hexes
  4358 | D:4      | Found a broken altar of Ashenzari.
  4392 | D:4      | Found a snail-covered altar of Cheibriados.
  4826 | D:5      | Entered Level 5 of the Dungeon
  4830 | D:5      | You fall into a shaft and drop 2 floors!
  4830 | D:7      | Found a staircase to the Ecumenical Temple.
  4843 | Temple   | Entered the Ecumenical Temple
  5056 | D:7      | Reached XP level 7. HP: 32/32 MP: 0/11
  5511 | D:6      | Reached skill level 7 in Stealth
  5749 | D:6      | Gained mutation: You have razor-sharp teeth. [Vine Stalker
                  | growth]
  5749 | D:6      | Reached XP level 8. HP: 33/36 MP: 6/12
  5816 | D:6      | Learned a level 3 spell: Confusing Touch
  6160 | D:6      | Found a glowing golden altar of the Shining One.
  6244 | D:6      | Reached skill level 8 in Stealth
  6715 | D:6      | Found a shadowy altar of Dithmenos.
  7683 | D:5      | Found Byphuemi's Magic Scroll Boutique.
  7691 | D:5      | Bought a scroll of blinking for 82 gold pieces
  8221 | D:7      | Reached skill level 9 in Stealth
  8463 | D:7      | Reached XP level 9. HP: 39/39 MP: 11/13
  8965 | D:7      | Noticed a hornet
  9589 | D:8      | Reached skill level 10 in Stealth
  9687 | D:8      | Identified the +1 war axe of the Extremes {flame, *Corrode
                  | rC+ rN+ Dex+2}
 10217 | D:8      | Found an ancient bone altar of Kikubaaqudgha.
 10243 | D:8      | Reached skill level 11 in Stealth
 10261 | D:8      | Reached skill level 5 in Ice Magic
 10266 | D:8      | Found Jumegad's Jewellery Boutique.
 10522 | D:9      | Found a white marble altar of Elyvilon.
 10672 | D:8      | Reached XP level 10. HP: 44/44 MP: 11/14
 10754 | D:8      | Reached skill level 12 in Stealth
 10912 | D:8      | Mangled by a wight

Illustrated notes

Levels and vault maps discovered:
D:1:      heliophobic_arrival_ceremonial_halls, layout_loops_cross,
          hellmonk_ecumenical_altar_zigzags
D:2:      layout_basic, corexii_shack, uniq_robin
D:3:      cheibrodos_thug_alley, layout_loops_ring, serial_shops,
          nicolae_shop_advertising_works [nicolae_subvault_shop_adworks],
          uniq_natasha
D:4:      layout_loops_cross, mainiacjoe_overflow_six_doors_small,
          mainiacjoe_overflow_alcove_1
D:5:      layout_basic, serial_shops, nicolae_shop_statue_plus
D:6:      layout_loops_ring, mainiacjoe_overflow_brackets, lemuel_tele_altar
D:7:      layout_basic, minmay_temple_entry_wispy
D:8:      layout_gridville, nicolae_kikubaaqudgha_miasma_corner, serial_shops,
          shop, minmay_stone_trees_small
D:9:      layout_basic, demons_altar, grunt_gozag_breadcrumbs,
          mainiacjoe_overflow_paths, lair_entry_dummy, david_orc_2,
          lemuel_flamethrower_1
Temple:   nicolae_temple_bog_church

Skill      XL: |  1  2  3  4  5  6  7  8  9 10 |
---------------+-------------------------------+-----
Stealth        | 4 5 6 7 9 11 12 | 12.1
Short Blades   | 1 2 3 |  3.7
Hexes          | 4 5 6 7 9 |  9.5
Ice Magic      | 1 2 3 4 5 |  5.4
Dodging        | |  1.8
Spellcasting   | |  2.2

Action                   |  1- 3 |  4- 6 |  7- 9 | 10-12 || total
-------------------------+-------+-------+-------+-------++-------
Melee: Dagger            |    87 |   109 |   202 |    27 ||   425
       Bite              |    18 |    25 |    48 |     4 ||    95
 Cast: Ensorcelled Hiber |    19 |    35 |    66 |     9 ||   129
       Confusing Touch   |       |       |     6 |     4 ||    10
       Tukima's Dance    |       |       |     4 |     1 ||     5
  Use: Scroll            |       |    10 |       |       ||    10
 Stab: Sleeping          |    14 |    25 |    52 |     5 ||    96
       Confused          |       |       |     4 |     1 ||     5
       Distracted        |       |       |     1 |       ||     1
Armor: Robe              |    18 |     6 |    28 |     4 ||    56
Dodge: Dodged            |    32 |    59 |   100 |    20 ||   211
Block: Buckler           |    15 |    32 |    60 |    10 ||   117
